 Dungeon Crawl Stone Soup version 0.20.1-1-g8b1a95d (console) character file.

1160 hilaritas the Spear-Bearer (level 8, -9/63 HPs)
             Began as a Merfolk Fighter on Aug 20, 2017.
             Was a Believer of Makhleb.
             Mangled by a two-headed ogre
             ... wielding a +0 giant club
              (23 damage)
             ... on level 8 of the Dungeon.
             The game lasted 00:14:46 (6317 turns).

hilaritas the Spear-Bearer (Merfolk Fighter)        Turns: 6317, Time: 00:14:46

Health: -9/63      AC:  6    Str: 16    XL:     8   Next: 39%
Magic:  11/11      EV: 12    Int:  8    God:    Makhleb [**....]
Gold:   203        SH:  5    Dex: 15    Spells: 5/7 levels left

rFire    . . .     SeeInvis +   a - +1 trident
rCold    . . .     Gourm    .   b - +0 buckler
rNeg     . . .     Faith    .   C - +0 ring mail
rPois    .         Spirit   .   k - +0 helmet
rElec    .         Reflect  .   v - scarf {repulsion}
rCorr    .         Harm     .   (no gloves)
MR       .....                  (no boots)
Stlth    +.........             p - amulet of regeneration
Regen    0.6/turn               u - ring of see invisible
MPRegen  0.2/turn               (no ring)

@: repel missiles
A: change form in water, swift swim, stealthy swim
a: Minor Destruction, Renounce Religion


You were on level 8 of the Dungeon.
You worshipped Makhleb.
Makhleb was pleased with you.
You were hungry.

You visited 1 branch of the dungeon, and saw 6 of its levels.

You collected 203 gold pieces.

Inventory:

Hand Weapons
 a - a +1 trident (weapon)
Missiles
 o - 2 tomahawks (quivered)
 y - a throwing net
Armour
 b - a +0 buckler (worn)
 c - a +1 shield
 k - a +0 helmet (worn)
 v - a scarf of repulsion (worn)
 C - a +0 ring mail (worn)
Jewellery
 p - an amulet of regeneration (around neck)
 t - an uncursed ring of magical power
 u - a ring of see invisible (left hand)
Wands
 h - a wand of polymorph (24/24)
Scrolls
 e - 2 scrolls of fear
 g - a scroll of magic mapping
 l - 5 scrolls of identify
 n - a scroll of remove curse
 B - a scroll of amnesia
Potions
 d - a potion of curing
 i - a potion of flight
 j - a potion of haste {unknown}
 m - a potion of agility {unknown}
 q - a potion of heal wounds
 r - a potion of brilliance {unknown}
Books
 A - a book of Minor Magic

   Spells                             Type                      Level
   a - Magic Dart                     Conjuration                  1
   b - Blink                          Translocation                2
   c - Call Imp                       Summoning                    2
   d - Slow                           Hexes                        2
   e - Conjure Flame                  Conjuration/Fire             3
   f - Mephitic Cloud                 Conjuration/Poison/Air       3
Comestibles
 f - 5 bread rations
 s - 3 royal jellies
 w - 3 meat rations


   Skills:
 * Level 5.5 Fighting
 - Level 10.2 Polearms
 - Level 2.1 Armour
 + Level 2.5 Dodging
 + Level 3.8 Shields
 * Level 4.4 Invocations


You had 5 spell levels left.
You knew the following spells:

 Your Spells              Type           Power        Failure   Level  Hunger
a - Blink                 Tloc           N/A          77%         2    ###....


Dungeon Overview and Level Annotations

Branches:
Dungeon (5/15)             Temple (0/1) D:5

Altars:
Dithmenos
Fedhas
Gozag
Makhleb
Okawaru
Trog
Uskayaw
Yredelemnul


Message History

The two-headed ogre hits you with a giant club!
The two-headed ogre barely misses you.
You completely miss the two-headed ogre.
The two-headed ogre is heavily wounded.
The crimson imp grins evilly.
The two-headed ogre hits you with a giant club!
* * * LOW HITPOINT WARNING * * *
The two-headed ogre hits you with a giant club.
* * * LOW HITPOINT WARNING * * *
Unknown command.
You feel much better.
You barely miss the two-headed ogre.
The two-headed ogre is heavily wounded.
The two-headed ogre barely misses you.
The two-headed ogre hits you with a giant club!!
* * * LOW HITPOINT WARNING * * *
You hit the two-headed ogre.
The two-headed ogre is severely wounded.
The two-headed ogre hits you with a giant club!!
You die...

# .# #.## ##...##
##########.....##
.......@O5..>...#
#########.........
#)(.....##
##.(...## ...(.##
#.#### #.# .#


You could see a two-headed ogre and a crimson imp.

Vanquished Creatures
  Prince Ribbit (D:5)
  The ghost of eragonby the Ruffian, an amateur DrTm (D:5)
  An ice beast (D:5)
  An ogre (D:4)
  A scorpion (D:4)
  A crimson imp (D:5)
  3 orc wizards
  A hound (D:4)
  2 orc priests
  Crazy Yiuf (D:2)
  2 worker ants
  6 gnolls
  10 adders
  2 worms
  A dart slug (D:3)
  A leopard gecko (D:3)
  14 orcs
  5 giant cockroaches
  13 hobgoblins
  5 jackals
  2 quokkas (D:4)
  8 bats
  5 frilled lizards
  8 goblins
  5 kobolds
  A quokka skeleton (D:4)
  6 rats
107 creatures vanquished.

Notes
Turn   | Place    | Note
-------+----------+-------------------------------------------
     0 | D:1      | hilaritas the Merfolk Fighter began the quest for the Orb.
     0 | D:1      | Reached XP level 1. HP: 18/18 MP: 1/1
   356 | D:1      | Reached skill level 4 in Polearms
   356 | D:1      | Reached XP level 2. HP: 22/24 MP: 2/2
   895 | D:2      | Found a burning altar of Makhleb.
   908 | D:2      | Became a worshipper of Makhleb the Destroyer
  1136 | D:2      | Found a bloodstained altar of Trog.
  1155 | D:2      | Reached XP level 3. HP: 15/29 MP: 3/3
  1176 | D:2      | Reached skill level 5 in Polearms
  1727 | D:2      | Reached XP level 4. HP: 16/35 MP: 4/4
  2008 | D:2      | Reached skill level 6 in Polearms
  2125 | D:2      | Reached skill level 1 in Invocations
  2183 | D:2      | Found a runed door.
  2315 | D:2      | Noticed Crazy Yiuf
  2322 | D:2      | Killed Crazy Yiuf
  2719 | D:2      | Found a shadowy altar of Dithmenos.
  2719 | D:2      | Found a hide-covered altar of Uskayaw.
  2762 | D:3      | Reached * piety under Makhleb
  3231 | D:3      | Reached skill level 7 in Polearms
  3231 | D:3      | Reached XP level 5. HP: 22/41 MP: 4/6
  3233 | D:3      | HP: 1/41 [gnoll/halberd (14)]
  3583 | D:3      | Found a blossoming altar of Fedhas.
  4322 | D:3      | Reached skill level 8 in Polearms
  4340 | D:4      | Reached ** piety under Makhleb
  4340 | D:4      | Reached XP level 6. HP: 25/47 MP: 7/7
  4734 | D:4      | Reached skill level 9 in Polearms
  4980 | D:4      | Found an opulent altar of Gozag.
  4980 | D:4      | Found a faded altar of an unknown god.
  4985 | D:4      | Found a faded altar of an unknown god.
  4987 | D:4      | Found an iron altar of Okawaru.
  4988 | D:4      | Found a basalt altar of Yredelemnul.
  5132 | D:4      | Reached XP level 7. HP: 52/52 MP: 8/8
  5273 | D:4      | Reached skill level 10 in Polearms
  5425 | D:5      | Entered Level 5 of the Dungeon
  5560 | D:5      | Learned a level 2 spell: Blink
  5670 | D:5      | Reached skill level 1 in Dodging
  5821 | D:5      | Noticed eragonby's ghost (amateur DrTm)
  5839 | D:5      | Killed eragonby's ghost
  5856 | D:5      | Found a staircase to the Ecumenical Temple.
  5986 | D:5      | Noticed Prince Ribbit
  6006 | D:5      | Killed Prince Ribbit
  6006 | D:5      | Reached skill level 5 in Fighting
  6006 | D:5      | Reached XP level 8. HP: 40/62 MP: 9/11
  6300 | D:5      | You fall through a shaft for 3 floors!
  6300 | D:8      | Noticed a two-headed ogre
  6317 | D:8      | Mangled by a two-headed ogre

Skill      XL: |  1  2  3  4  5  6  7 |
---------------+----------------------+-----
Polearms       | 4 5 7 8 9 10 | 10.2
Invocations    | 1 2 4 |  4.4
Dodging        | 2 |  2.5
Fighting       | 5 |  5.5
Armour         | |  2.1
Shields        | |  3.8

Action                   |  1- 3 |  4- 6 |  7- 9 || total
-------------------------+-------+-------+-------++-------
Melee: Trident           |   142 |   230 |   115 ||   487
       Tailslap          |     3 |       |       ||     3
Throw: Tomahawk          |       |       |     3 ||     3
Invok: Minor Destruction |       |       |     5 ||     5
  Use: Potion            |       |     3 |     2 ||     5
       Scroll            |       |     8 |     2 ||    10
 Stab: Distracted        |       |     2 |       ||     2
  Eat: Chunk             |     3 |    11 |     3 ||    17
Armor: Scale mail        |    54 |     2 |       ||    56
       Leather armour    |       |    36 |    11 ||    47
       Ring mail         |       |       |     7 ||     7
Dodge: Dodged            |    27 |    33 |    27 ||    87
Block: Shield            |    59 |    70 |    15 ||   144
       Buckler           |       |       |     3 ||     3
